 Dungeon Crawl Stone Soup version 0.25-a0-528-g6b7c99946c (webtiles) character file.

Game seed: 4351061244553967266, levelgen mode: deterministic

76450 RedPan the Fighter (level 15, -5/127 HPs)
             Began as a Gnoll Wanderer on Feb 19, 2020.
             Was the Champion of Okawaru.
             Slain by an enormous slime creature (45 damage)
             ... summoned by an orange crystal statue
             ... on level 14 of the Dungeon.
             The game lasted 01:37:25 (30045 turns).

RedPan the Fighter (Gnoll Wanderer)                Turns: 30045, Time: 01:37:26

Health: -5/127     AC: 39    Str: 22      XL:     15   Next: 53%
Magic:  28/39      EV: 13    Int: 17 (18) God:    Okawaru [******]
Gold:   788        SH:  3    Dex: 16      Spells: 26/34 levels left

rFire    + . .     SeeInvis .   v - +11 halberd of Excruciating Pain {flame, +Fly Str-4 Dex+4}
rCold    + . .     Gourm    .   (shield currently unavailable)
rNeg     . . .     Faith    .   g - +15 Maxwell's patent armour {-Cast -Tele rElec MR+ rCorr}
rPois    .         Spirit   .   K - +3 hat of Pondering {ponderous, MR+ MP+10 Int+5}
rElec    +         Reflect  +   i - scarf {repulsion}
rCorr    +         Harm     .   T - +2 pair of gloves {Str+3}
MR       +++..     NoTele   +   E - +2 pair of boots {Stlth+} Stlth +.........NoCast +
                                o - +3 amulet of reflection
HPRegen  0.31/turn              Z - ring of protection from fire
MPRegen  0.26/turn              I - ring of protection from cold

@: studying Crossbows, repel missiles, slow
A: distributed training, fangs 1, clumsy 1, strong nose
a: Heroism, Finesse, Renounce Religion, Evoke Flight


You were on level 14 of the Dungeon.
You worshipped Okawaru.
Okawaru was exalted by your worship.
You were hungry.

You visited 2 branches of the dungeon, and saw 20 of its levels.
You visited the Abyss 1 time.
You also visited: Ice Cave.

You collected 1394 gold pieces.
You spent 606 gold pieces at shops.

Inventory:

Hand Weapons
 q - the +5 scimitar of the Scorpion {freeze, +Inv rF+ rC- Dex+2}
   (Okawaru gifted it to you on level 6 of the Lair of Beasts)

   It has been specially enchanted to freeze those struck by it, causing extra
   injury to most foes and up to half again as much damage against particularly
   susceptible opponents.
   It can also slow down cold-blooded creatures.
   It affects your dexterity (+2).
   It protects you from fire.
   It makes you vulnerable to cold.
   It lets you turn invisible.
 v - the +11 halberd of Excruciating Pain (weapon) {flame, +Fly Str-4 Dex+4}
   (You took it off an efreet on level 12 of the Dungeon)

   It has been specially enchanted to burn those struck by it, causing extra
   injury to most foes and up to half again as much damage against particularly
   susceptible opponents.
   Big, fiery blades are also staple armaments of hydra-hunters.
   It affects your strength (-4).
   It affects your dexterity (+4).
   It lets you fly.
 J - a +2 great mace of flaming
 S - the +7 whip "Jantos" {vorpal, rElec MP+9 Str+2}
   (You found it in an ice cave)

   It inflicts extra damage upon your enemies.
   It affects your strength (+2).
   It insulates you from electricity.
   It affects your magic capacity (+9).
Missiles
 t - 8 silver javelins
 A - 6 javelins (quivered)
Armour
 g - the +15 Maxwell's patent armour (worn) {-Cast -Tele rElec MR+ rCorr}
   (Okawaru gifted it to you on level 13 of the Dungeon)

   It insulates you from electricity.
   It affects your resistance to hostile enchantments.
   It prevents spellcasting.
   It prevents most forms of teleportation.
   It provides partial protection from all sources of acid and corrosion.
   If you remove this armour, your AC will decrease by 30 (39 -> 9).
 i - a scarf of repulsion (worn)
 E - a +2 pair of boots of stealth (worn)
 H - +0 fire dragon scales
 K - the +3 hat of Pondering (worn) {ponderous, MR+ MP+10 Int+5}
   (You found it on level 6 of the Lair of Beasts)

   It affects your intelligence (+5).
   It affects your resistance to hostile enchantments.
   It affects your magic capacity (+10).
   If you remove this armour, your AC will decrease by 3 (39 -> 36).
 T - a +2 pair of gloves of strength (worn)
Jewellery
 o - a +3 amulet of reflection (around neck)
 x - an uncursed ring of protection from fire
 I - a ring of protection from cold (right hand)
 U - an uncursed ring of protection from magic
 Z - a ring of protection from fire (left hand)
Wands
 j - a wand of digging (13)
 s - a wand of polymorph (29)
 w - a wand of flame (20)
 y - a wand of acid (1)
 C - a wand of iceblast (27)
 G - a wand of scattershot (1)
 Y - a wand of enslavement (8)
Scrolls
 c - 3 scrolls of fog
 h - a scroll of vulnerability {unknown}
 l - 3 scrolls of fear
 m - 3 scrolls of amnesia
 n - 11 scrolls of teleportation
 u - 4 scrolls of immolation
 B - 2 scrolls of enchant armour
 D - 5 scrolls of blinking
 F - 7 scrolls of remove curse
 L - 7 scrolls of identify
 P - a scroll of enchant weapon
 V - 2 scrolls of summoning
Potions
 a - 4 potions of mutation
 d - 4 potions of lignification
 e - a potion of cancellation
 k - 2 potions of might
 p - 4 potions of flight
 r - 3 potions of heal wounds
 z - a potion of invisibility
 M - 2 potions of ambrosia
 N - a potion of berserk rage
 O - 2 potions of haste
Books
 Q - a manual of Crossbows
Miscellaneous
 R - a lightning rod (4/4)
 X - a box of beasts
Comestibles
 f - 32 rations


   Skills:
 + Level 14.9 Fighting
 + Level 10.0 Short Blades
 + Level 10.0 Long Blades
 + Level 10.0 Axes
 + Level 10.0 Maces & Flails
 + Level 10.0 Polearms
 + Level 10.0 Staves
 + Level 10.0 Slings
 + Level 10.0 Bows
 + Level 11.0 Crossbows
 + Level 10.0 Throwing
 + Level 10.0 Armour
 + Level 10.9 Dodging
 + Level 10.0 Stealth
 + Level 10.3 Shields
 + Level 10.0 Unarmed Combat
 + Level 10.0 Spellcasting
 + Level 8.4 Conjurations
 + Level 8.4 Hexes
 + Level 8.4 Charms
 + Level 8.4 Summonings
 + Level 8.4 Necromancy
 + Level 8.4 Translocations
 + Level 8.4 Transmutations
 + Level 8.4 Fire Magic
 + Level 8.4 Ice Magic
 + Level 8.4 Air Magic
 + Level 8.4 Earth Magic
 + Level 8.4 Poison Magic
 + Level 10.8 Invocations
 + Level 10.3 Evocations


You had 26 spell levels left.
You knew the following spells:

 Your Spells              Type           Power        Failure   Level  Hunger
a - Summon Ice Beast      Ice/Summ       #####...     36%         4    ###....
b - Animate Dead          Necr           N/A          36%         4    ###....

Your spell library contained the following spells:

 Spells                   Type           Power        Failure   Level  Hunger
 Animate Skeleton         Necr           N/A          3%          1    None
 Apportation              Tloc           #####.       3%          1    None
 Beastly Appendage        Tmut           #####.       3%          1    None
 Corona                   Hex            #####..      3%          1    None
 Foxfire                  Conj/Fire      ####         3%          1    None
 Infusion                 Chrm           ####         3%          1    None
 Pain                     Necr           ####         3%          1    None
 Sandblast                Erth           #####.       3%          1    None
 Sting                    Tmut/Pois      ####         3%          1    None
 Summon Small Mammal      Summ           ####         3%          1    None
 Call Imp                 Summ           #####...     5%          2    None
 Corpse Rot               Necr/Air       N/A          5%          2    None
 Passwall                 Tmut/Erth      #####...     5%          2    None
 Shroud of Golubria       Chrm/Tloc      #####.       5%          2    None
 Song of Slaying          Chrm           #####...     5%          2    None
 Sticks to Snakes         Tmut           #####...     5%          2    None
 Sublimation of Blood     Necr           #####.....   5%          2    None
 Call Canine Familiar     Summ           #####...     11%         3    None
 Conjure Flame            Conj/Fire      #####...     11%         3    None
 Ignite Poison            Fire/Tmut/Pois #####...     11%         3    None
 Inner Flame              Hex/Fire       #####...     11%         3    None
 Ozocubu's Armour         Chrm/Ice       #####...     11%         3    None
 Spectral Weapon          Hex/Chrm       #####...     11%         3    None
 Spider Form              Tmut/Pois      #####.....   11%         3    None
 Stone Arrow              Conj/Erth      #####.       11%         3    None
 Summon Guardian Golem    Hex/Summ       #####...     11%         3    None
 Vampiric Draining        Necr           #####.....   11%         3    None
 Ice Form                 Ice/Tmut       #####...     36%         4    ###....
 Petrify                  Tmut/Erth      #####...     36%         4    ###....
 Sticky Flame             Conj/Fire      #####...     36%         4    ###....
 Summon Lightning Spire   Summ/Air       #####...     36%         4    ###....
 Agony                    Necr           #####...     71%         5    #####..
 Bolt of Magma            Conj/Fire/Erth #####.....   71%         5    #####..
 Excruciating Wounds      Chrm/Necr      #####.....   71%         5    #####..
 Fireball                 Conj/Fire      #####.....   71%         5    #####..
 Iskenderun's Battlesphe  Conj/Chrm      #####...     71%         5    #####..
 Lee's Rapid Deconstruct  Erth           #####.....   71%         5    #####..
 Metabolic Englaciation   Hex/Ice        #####.....   71%         5    #####..
 Summon Forest            Summ/Tloc      #####.....   71%         5    #####..
 Yara's Violent Unravell  Hex/Tmut       #####.....   71%         5    #####..
 Eringya's Noxious Bog    Tmut/Pois      #####.....   99%         6    ######.
 Freezing Cloud           Conj/Ice/Air   #####.....   99%         6    ######.
 Hydra Form               Tmut           #####.....   99%         6    ######.
 Iron Shot                Conj/Erth      #####.....   99%         6    ######.
 Ozocubu's Refrigeration  Ice            #####.....   99%         6    ######.
 Simulacrum               Ice/Necr       #####.....   99%         6    ######.
 Orb of Destruction       Conj           #####.....   100%        7    #######
 Spellforged Servitor     Conj/Summ      #####.....   100%        7    #######
 Summon Hydra             Summ           #####.....   100%        7    #######


Dungeon Overview and Level Annotations

Branches:
Dungeon (14/15)            Temple (0/1) D:4            Lair (6/6) D:9
  Swamp (0/4) Lair:2       Spider (0/4) Lair:4        Slime (0/5) Lair:5
    Orc (0/2) D:12         Vaults (0/5) D:13          IceCv (visited)

Altars:
Cheibriados
Elyvilon
Fedhas
Gozag
Kikubaaqudgha
Okawaru
Sif Muna
Trog
Vehumet
Wu Jian
Yredelemnul
The Shining One
Jiyva

Shops:
D:5 =   D:8 :   D:12 *

Annotations:
D:4 2 transporters, Menkaure
D:5 2 transporters, daodarkstar's ghost, novice DsFi
D:14 exclusion: orange crystal statue


Innate Abilities, Weirdness & Mutations

Your experience applies equally to all skills.
You have very sharp teeth.
Your uncanny sense of smell can sniff out nearby items.
You are clumsy. (Dex -2)


Message History

The enormous slime creature is moderately wounded.
The slime creature closely misses you.
Unknown command.
You puncture the enormous slime creature!
You burn the enormous slime creature.
The enormous slime creature is heavily wounded.
The slime creature hits you.
The enormous slime creature hits you but does no damage.
Unknown command.
You impale the enormous slime creature!!
You burn the enormous slime creature! You bite the enormous slime creature.
The enormous slime creature is heavily wounded.
The slime creature barely misses you. The enormous slime creature hits you!!!
Unknown command.
You puncture the enormous slime creature!
You burn the enormous slime creature.
The enormous slime creature is severely wounded.
The slime creature hits you but does no damage.
The enormous slime creature hits you!!!
You die...

#.# #.# #.#
##############.#
#..............#
#.############## #.#
####.##############
.........%......@J##
.............####JD#
........<.......##.#
...........$.!:/.#.#
............!###$D.#
............:#8#|..#
............[###$.##
.............$.$.##
................##


You could see an enormous slime creature, a slime creature and an acid dragon.

Vanquished Creatures
  A frost giant (IceCv)
  A fire dragon (D:12)
  Fannar (D:11)
  4 vault guards (D:13)
  A merfolk avatar (Lair:6)
  7 hydras
  2 centaur warriors (D:14)
  6 death yaks
  4 two-headed ogres
  3 unseen horrors
  2 wizards
  An orc knight (D:13)
  A deep elf mage (D:11)
  A wolf spider zombie (D:12)
  5 manticores
  An ugly thing (D:13)
  21 elephants
  2 cyclopes
  Maurice (D:11)
  An ice statue (IceCv)
  6 black mambas
  A torpor snail (Lair:3)
  19 spiny frogs
  2 gargoyles (D:12)
  4 rime drakes (Lair:6)
  3 efreet
  8 komodo dragons
  A yaktaur (D:12)
  3 trolls (D:12)
  A troll (shapeshifter) (D:13)
  19 polar bears
  A hornet (Lair:6)
  2 tengu conjurers
  7 hippogriffs
  2 bog bodies (Lair:2)
  Sigmund (D:5)
  2 redbacks (Lair:4)
  43 yaks
  2 shadows (D:13)
  5 wyverns
  Grum (D:9)
  A neqoxec (Abyss:2)
  2 basilisks
  A hungry ghost (D:13)
  A vampire mosquito (D:11)
  2 swamp worms (Lair:2)
  A soldier ant (D:14)
  2 acid dragons (D:14)
  14 water moccasins
  11 porcupines
  5 ice beasts
  4 orc warriors
  6 phantoms
  2 black bears
  3 eyes of draining
  9 ogres
  6 sky beasts
  3 centaurs
  28 wolves
  18 crocodiles
  5 big kobolds
  17 bullfrogs
  A wyvern zombie (D:11)
  A water moccasin skeleton (D:8)
  5 scorpions
  21 killer bees
  5 wights (D:10)
  2 electric eels
  A howler monkey (D:4)
  5 crimson imps
  4 bullfrog zombies
  2 centaur zombies
  A quasit (D:4)
  3 bullfrog skeletons
  2 centaur skeletons
  3 jellies
  13 orc priests
  9 hounds
  11 iguanas
  5 worker ants
  11 orc wizards
  A killer bee zombie (D:5)
  A bullfrog simulacrum (D:12)
  A hound zombie (D:5)
  3 hound skeletons
  A worker ant zombie (D:9)
  14 adders
  A shadow imp (D:11)
  An ooze (D:3)
  3 adder skeletons
  7 worms
  A dart slug (D:2)
  5 leopard geckos
  60 orcs
  5 ball pythons
  7 bats
  2 giant cockroaches
  5 goblins
  5 hobgoblins
  18 jackals
  2 quokkas
  5 frilled lizards
  26 kobolds
  8 rats
  A fungus (Lair:3)
  A plant (Lair:2)
629 creatures vanquished.

Vanquished Creatures (collateral kills)
  A wizard (D:13)
  A yaktaur (D:13)
  2 orc warriors (D:13)
4 creatures vanquished.

Vanquished Creatures (others)
  A bush (Lair:6)
  26 fungi
  26 plants
53 creatures vanquished.

Grand Total: 686 creatures vanquished

Notes
Turn   | Place    | Note
-------+----------+-------------------------------------------
     0 | D:1      | Reached skill level 12 in Fighting
     0 | D:1      | RedPan the Gnoll Wanderer began the quest for the Orb.
     0 | D:1      | RedPan set off with the following items: a +0 spear, 4
                  | throwing nets, a +0 leather armour, a potion of
                  | lignification, a ration
     0 | D:1      | Reached XP level 1. HP: 31/31 MP: 2/2
   123 | D:1      | Reached XP level 2. HP: 32/38 MP: 3/3
   377 | D:1      | Found an iron altar of Okawaru.
   382 | D:1      | Became a worshipper of Warmaster Okawaru
   775 | D:2      | Reached XP level 3. HP: 37/44 MP: 4/4
  1083 | D:2      | Reached skill level 1 in Invocations
  1227 | D:2      | Reached skill level 1 in Short Blades
  1227 | D:2      | Reached skill level 1 in Long Blades
  1227 | D:2      | Reached skill level 1 in Axes
  1227 | D:2      | Reached skill level 1 in Maces & Flails
  1227 | D:2      | Reached skill level 1 in Polearms
  1227 | D:2      | Reached skill level 1 in Staves
  1227 | D:2      | Reached skill level 1 in Slings
  1227 | D:2      | Reached skill level 1 in Bows
  1227 | D:2      | Reached skill level 1 in Crossbows
  1227 | D:2      | Reached skill level 1 in Throwing
  1227 | D:2      | Reached skill level 1 in Armour
  1227 | D:2      | Reached skill level 1 in Stealth
  1227 | D:2      | Reached skill level 1 in Unarmed Combat
  1227 | D:2      | Reached skill level 1 in Spellcasting
  1250 | D:2      | Reached XP level 4. HP: 47/51 MP: 6/6
  1478 | D:2      | Reached skill level 1 in Conjurations
  1478 | D:2      | Reached skill level 1 in Hexes
  1478 | D:2      | Reached skill level 1 in Charms
  1478 | D:2      | Reached skill level 1 in Summonings
  1478 | D:2      | Reached skill level 1 in Necromancy
  1478 | D:2      | Reached skill level 1 in Translocations
  1478 | D:2      | Reached skill level 1 in Transmutations
  1478 | D:2      | Reached skill level 1 in Fire Magic
  1478 | D:2      | Reached skill level 1 in Ice Magic
  1478 | D:2      | Reached skill level 1 in Air Magic
  1478 | D:2      | Reached skill level 1 in Earth Magic
  1478 | D:2      | Reached skill level 1 in Poison Magic
  1879 | D:3      | Reached XP level 5. HP: 44/57 MP: 7/7
  2578 | D:4      | Found an ancient bone altar of Kikubaaqudgha.
  2580 | D:4      | Noticed Menkaure
  2585 | D:4      | Found a basalt altar of Yredelemnul.
  2588 | D:4      | Found a transporter.
  2786 | D:4      | Found a staircase to the Ecumenical Temple.
  2899 | D:4      | Reached * piety under Okawaru
  2899 | D:4      | Reached XP level 6. HP: 40/64 MP: 8/8
  3212 | D:4      | Reached skill level 5 in Dodging
  3356 | D:4      | Found a white marble altar of Elyvilon.
  3596 | D:4      | Noticed a hungry ghost
  3654 | D:4      | Noticed an orc warrior
  3656 | D:4      | Reached XP level 7. HP: 58/70 MP: 10/10
  4013 | D:4      | Found a transporter.
  4458 | D:5      | Entered Level 5 of the Dungeon
  4458 | D:5      | Found a transporter.
  4458 | D:5      | Noticed daodarkstar's ghost (novice DsFi)
  4462 | D:5      | Noticed Sigmund
  4467 | D:5      | Found Vare's Jewellery Shop.
  4483 | D:5      | Killed Sigmund
  4483 | D:5      | Reached ** piety under Okawaru
  4483 | D:5      | Reached XP level 8. HP: 73/76 MP: 9/12
  4513 | D:5      | Bought a +3 amulet of reflection for 188 gold pieces
  4690 | D:5      | Found a transporter.
  4980 | D:5      | Found an opulent altar of Gozag.
  5014 | D:5      | Found a blossoming altar of Fedhas.
  5365 | D:5      | Noticed a moth of wrath
  5368 | D:5      | Found a bloodstained altar of Trog.
  5592 | D:6      | Found an ornate altar of the Wu Jian Council.
  5753 | D:6      | Reached XP level 9. HP: 82/83 MP: 14/14
  5783 | D:6      | Reached *** piety under Okawaru
  6011 | D:6      | Noticed a two-headed ogre
  6018 | D:6      | Killed a two-headed ogre
  6018 | D:6      | Received a gift from Okawaru
  6018 | D:6      | Reached skill level 5 in Shields
  6018 | D:6      | Reached skill level 5 in Evocations
  6302 | D:7      | Found a radiant altar of Vehumet.
  6387 | D:7      | Reached **** piety under Okawaru
  6459 | D:7      | Reached skill level 5 in Invocations
  6721 | D:7      | Found a shimmering blue altar of Sif Muna.
  6939 | D:8      | Found a glowing golden altar of the Shining One.
  6959 | D:8      | Reached XP level 10. HP: 71/91 MP: 17/17
  7363 | D:8      | Found Esifouf's Book Boutique.
  7400 | D:8      | Reached skill level 5 in Short Blades
  7400 | D:8      | Reached skill level 5 in Long Blades
  7400 | D:8      | Reached skill level 5 in Axes
  7400 | D:8      | Reached skill level 5 in Maces & Flails
  7400 | D:8      | Reached skill level 5 in Polearms
  7400 | D:8      | Reached skill level 5 in Staves
  7400 | D:8      | Reached skill level 5 in Slings
  7400 | D:8      | Reached skill level 5 in Bows
  7400 | D:8      | Reached skill level 5 in Crossbows
  7400 | D:8      | Reached skill level 5 in Throwing
  7400 | D:8      | Reached skill level 5 in Armour
  7400 | D:8      | Reached skill level 5 in Stealth
  7400 | D:8      | Reached skill level 5 in Unarmed Combat
  7400 | D:8      | Reached skill level 5 in Spellcasting
  8027 | D:9      | Noticed an elephant
  8383 | D:8      | Killed an elephant
  8383 | D:8      | Reached ***** piety under Okawaru
  8401 | D:9      | Reached skill level 13 in Fighting
  8575 | D:9      | Found a staircase to the Lair.
  8580 | D:9      | Noticed a two-headed ogre
  8599 | D:9      | Killed a two-headed ogre
  8608 | D:9      | Noticed Grum
  8615 | D:9      | HP: 1/92 [Grum/+1 glaive (16)]
  8618 | D:9      | Killed Grum
  8879 | D:9      | Received a gift from Okawaru
  8879 | D:9      | Reached XP level 11. HP: 85/98 MP: 19/19
  9310 | D:9      | Found a snail-covered altar of Cheibriados.
  9878 | D:10     | Entered Level 10 of the Dungeon
  9880 | D:10     | Noticed a two-headed ogre
  9899 | D:10     | Killed a two-headed ogre
  9899 | D:10     | Reached skill level 5 in Conjurations
  9899 | D:10     | Reached skill level 5 in Hexes
  9899 | D:10     | Reached skill level 5 in Charms
  9899 | D:10     | Reached skill level 5 in Summonings
  9899 | D:10     | Reached skill level 5 in Necromancy
  9899 | D:10     | Reached skill level 5 in Translocations
  9899 | D:10     | Reached skill level 5 in Transmutations
  9899 | D:10     | Reached skill level 5 in Fire Magic
  9899 | D:10     | Reached skill level 5 in Ice Magic
  9899 | D:10     | Reached skill level 5 in Air Magic
  9899 | D:10     | Reached skill level 5 in Earth Magic
  9899 | D:10     | Reached skill level 5 in Poison Magic
 10827 | Lair:1   | Entered Level 1 of the Lair of Beasts
 12778 | Lair:2   | Reached XP level 12. HP: 66/105 MP: 22/22
 13102 | Lair:2   | Noticed a seven-headed hydra
 13106 | Lair:2   | Killed a seven-headed hydra
 13106 | Lair:2   | Received a gift from Okawaru
 13998 | Lair:2   | Found a staircase to the Swamp.
 14704 | Lair:3   | HP: 5/105 [poisoned by a black mamba]
 15189 | Lair:3   | Received a gift from Okawaru
 16429 | Lair:4   | Got a transparent whip
 16430 | Lair:4   | Identified the +7 whip "Gepsaun" {flame, MR+ Dex+8} (You
                  | found it on level 4 of the Lair of Beasts)
 16542 | Lair:4   | Noticed a five-headed hydra
 16562 | Lair:4   | Killed a five-headed hydra
 16757 | Lair:4   | Found a hole to the Spider Nest.
 16938 | Lair:4   | Reached XP level 13. HP: 104/112 MP: 24/24
 17887 | Lair:4   | Received a gift from Okawaru
 18233 | Lair:5   | Found a viscous altar of Jiyva.
 18233 | Lair:5   | Found a staircase to the Slime Pits.
 18303 | Lair:5   | Reached skill level 14 in Fighting
 18579 | Lair:6   | Entered Level 6 of the Lair of Beasts
 19266 | Lair:6   | Paralysed by a hornet for 2 turns
 20058 | Lair:6   | Received a gift from Okawaru
 20758 | Lair:6   | Found the +3 hat of Pondering {ponderous, MR+ MP+10 Int+5}
 21070 | Lair:6   | Received a gift from Okawaru
 21633 | Lair:6   | Reached XP level 14. HP: 94/120 MP: 26/26
 22095 | Lair:6   | Received a gift from Okawaru
 22103 | Lair:6   | Got a brightly glowing scimitar {god gift}
 22104 | Lair:6   | Identified the +5 scimitar of the Scorpion {freeze, +Inv
                  | rF+ rC- Dex+2} (Okawaru gifted it to you on level 6 of the
                  | Lair of Beasts)
 22497 | Lair:5   | Reached skill level 10 in Dodging
 23770 | D:11     | Noticed Maurice
 23986 | D:11     | Found a frozen archway.
 23996 | IceCv    | Entered an ice cave
 24195 | IceCv    | Received a gift from Okawaru
 24217 | IceCv    | Got a pitted hunting sling {god gift}
 24468 | IceCv    | Reached ****** piety under Okawaru
 24572 | IceCv    | Reached skill level 10 in Invocations
 25171 | IceCv    | Noticed a frost giant
 25194 | IceCv    | Killed a frost giant
 25205 | IceCv    | Reached skill level 10 in Crossbows
 25485 | IceCv    | Got a bloodstained whip
 25486 | IceCv    | Identified the +7 whip "Jantos" {vorpal, rElec MP+9 Str+2}
                  | (You found it in an ice cave)
 25728 | D:11     | Killed Maurice
 25728 | D:11     | Received a gift from Okawaru
 25780 | D:11     | Noticed Fannar
 25807 | D:11     | Killed Fannar
 26866 | D:12     | Reached XP level 15. HP: 88/127 MP: 28/28
 27046 | D:12     | Identified the +11 halberd of Excruciating Pain {flame,
                  | +Fly Str-4 Dex+4}
 27053 | D:12     | Received a gift from Okawaru
 27081 | D:12     | Reached skill level 10 in Shields
 27081 | D:12     | Reached skill level 10 in Evocations
 27171 | D:12     | Received a gift from Okawaru
 27282 | D:12     | Identified the Incunabulum of the Arsonist and Changing
 27301 | D:12     | Learned a level 3 spell: Ozocubu's Armour
 27306 | D:12     | Learned a level 4 spell: Animate Dead
 27516 | D:12     | Found a staircase to the Orcish Mines.
 27539 | D:12     | Learned a level 4 spell: Summon Ice Beast
 27681 | D:12     | Found Xepe's Assorted Antiques.
 27685 | D:12     | Bought a scroll labeled WOESEKHL MIGUI for 31 gold pieces
 27686 | D:12     | Bought a scroll of blinking for 232 gold pieces
 27686 | D:12     | Bought a potion of heal wounds for 155 gold pieces
 28313 | D:13     | Received a gift from Okawaru
 28714 | D:13     | Received a gift from Okawaru
 28750 | D:13     | Found a gate to the Vaults.
 28777 | D:13     | Received a gift from Okawaru
 28778 | D:13     | Found the +15 Maxwell's patent armour {-Cast -Tele rElec
                  | MR+ rCorr}
 29545 | D:14     | Cast into level 2 of the Abyss (a wizard)
 29554 | Abyss:2  | Gained mutation: You are clumsy. (Dex -2) [a neqoxec]
 29576 | D:14     | Escaped the Abyss
 29587 | D:14     | Reached skill level 10 in Short Blades
 29587 | D:14     | Reached skill level 10 in Long Blades
 29587 | D:14     | Reached skill level 10 in Axes
 29587 | D:14     | Reached skill level 10 in Maces & Flails
 29587 | D:14     | Reached skill level 10 in Polearms
 29587 | D:14     | Reached skill level 10 in Staves
 29587 | D:14     | Reached skill level 10 in Slings
 29587 | D:14     | Reached skill level 10 in Bows
 29587 | D:14     | Reached skill level 10 in Throwing
 29587 | D:14     | Reached skill level 10 in Armour
 29587 | D:14     | Reached skill level 10 in Stealth
 29587 | D:14     | Reached skill level 10 in Unarmed Combat
 29587 | D:14     | Reached skill level 10 in Spellcasting
 30015 | D:14     | Identified Gauxopu's Reference Book on Sinister Rites and
                  | Shape Shifting
 30045 | D:14     | Slain by an enormous slime creature

Levels and vault maps discovered:
D:1:      dpeg_arrival_radiant, layout_loops_ring, minivault_14,
          okawaru_ov_weapons_minmay
D:2:      minmay_diamond_boxcup, layout_loops_ring
D:3:      minmay_angry_zag, layout_basic
D:4:      layout_basic, gammafunk_temple_of_torment, elyvilon_altar_3,
          minmay_temple_entry_proselytizer, first_ration
D:5:      layout_rooms, grunt_gozag_breadcrumbs, fedhas_altar_3, tgw_trog,
          gammafunk_ghost_arena, serial_shops, shop, minmay_diced_spiral,
          uniq_sigmund
D:6:      layout_rooms, kennysheep_mini_moat
D:7:      layout_basic, vehumet_crystals, basic_altar, grunt_ogre_cave
D:8:      layout_loops_cross, tso_metal_star, serial_shops, shop
D:9:      layout_cave_pools, cheibriados_altar_1, david_lair_generic,
          kennysheep_cross_bottleneck, uniq_grum
D:10:     layout_loops_ring
D:11:     minmay_diamond_stairs, layout_gridville,
          portal_ice_cave_entry_pillars_2, uniq_maurice, uniq_fannar
D:12:     minmay_the_grid_octo_tiled_squarecenter
          [minmay_the_grid_octo_pinwheel, minmay_the_grid_octo_chip,
          minmay_the_grid_octo_fat_diamond, minmay_the_grid_octo_empty,
          minmay_the_grid_square_5x5_megaprize_crossed,
          minmay_the_grid_square_5x5_inner_z,
          minmay_the_grid_square_5x5_hollow_slash,
          minmay_the_grid_square_5x5_two_walls_a,
          minmay_the_grid_square_5x5_minimal], layout_long_grid, serial_shops,
          nicolae_shop_trees, grunt_decor_cap
D:13:     layout_grid_maze, grunt_vaults_entry_fortified,
          onia_ninara_dug_in_and_dangerous
D:14:     layout_basic, nicolae_wwwww, serial_bayou_pond_e,
          minmay_protected_statue
Lair:1:   layout_gridlike, grunt_megastairs_1
Lair:2:   layout_roguey, nicolae_swamp_entry_splash_gauntlet, serial_rivers,
          chequers_serial_rivers_room_a, chequers_serial_rivers_micro_e,
          chequers_serial_rivers_large_b, chequers_serial_rivers_micro_b,
          chequers_serial_rivers_micro_a
Lair:3:   layout_regular_city, chequers_serial_rivers_room_a
Lair:4:   layout_regular_city, spider_nest_entry_a, grunt_megastairs_2
Lair:5:   layout_misc_corridors, dpeg_slime_entry_enclosed_altar
Lair:6:   gammafunk_lair_ancient_temple, layout_gridlike

Skill      XL: |  1  2  3  4  5  6  7  8  9 10 11 12 13 14 15 |
---------------+----------------------------------------------+-----
Fighting       | 13 14 | 14.9
Invocations    | 1 2 3 4 5 6 7 8 9 10 | 10.8
Short Blades   | 1 2 3 4 5 6 7 8 9 10 | 10.0
Long Blades    | 1 2 3 4 5 6 7 8 9 10 | 10.0
Axes           | 1 2 3 4 5 6 7 8 9 10 | 10.0
Maces & Flails | 1 2 3 4 5 6 7 8 9 10 | 10.0
Polearms       | 1 2 3 4 5 6 7 8 9 10 | 10.0
Staves         | 1 2 3 4 5 6 7 8 9 10 | 10.0
Slings         | 1 2 3 4 5 6 7 8 9 10 | 10.0
Bows           | 1 2 3 4 5 6 7 8 9 10 | 10.0
Crossbows      | 1 2 3 4 5 6 7 8 10 11 | 11.0
Throwing       | 1 2 3 4 5 6 7 8 9 10 | 10.0
Armour         | 1 2 3 4 5 6 7 8 9 10 | 10.0
Stealth        | 1 2 3 4 5 6 7 8 9 10 | 10.0
Unarmed Combat | 1 2 3 4 5 6 7 8 9 10 | 10.0
Spellcasting   | 1 2 3 4 5 6 7 8 9 10 | 10.0
Conjurations   | 1 2 3 4 5 6 7 8 |  8.4
Hexes          | 1 2 3 4 5 6 7 8 |  8.4
Charms         | 1 2 3 4 5 6 7 8 |  8.4
Summonings     | 1 2 3 4 5 6 7 8 |  8.4
Necromancy     | 1 2 3 4 5 6 7 8 |  8.4
Translocations | 1 2 3 4 5 6 7 8 |  8.4
Transmutations | 1 2 3 4 5 6 7 8 |  8.4
Fire Magic     | 1 2 3 4 5 6 7 8 |  8.4
Ice Magic      | 1 2 3 4 5 6 7 8 |  8.4
Air Magic      | 1 2 3 4 5 6 7 8 |  8.4
Earth Magic    | 1 2 3 4 5 6 7 8 |  8.4
Poison Magic   | 1 2 3 4 5 6 7 8 |  8.4
Shields        | 3 4 5 6 7 8 9 10 | 10.3
Evocations     | 3 4 5 6 7 8 9 10 | 10.3
Dodging        | 5 6 7 8 9 10 | 10.9

Action                   |  1- 3 |  4- 6 |  7- 9 | 10-12 | 13-15 || total
-------------------------+-------+-------+-------+-------+-------++-------
Melee: Spear             |    42 |       |       |       |       ||    42
       Falchion          |    61 |   181 |       |       |       ||   242
       Bite              |    10 |    27 |    46 |   123 |   223 ||   429
       War axe           |       |    59 |   249 |       |       ||   308
       Scimitar          |       |       |    69 |    96 |       ||   165
       Broad axe         |       |       |       |   665 |       ||   665
       Whip              |       |       |       |   103 |   123 ||   226
       Great mace        |       |       |       |       |   923 ||   923
       Halberd           |       |       |       |       |   204 ||   204
Throw: Javelin           |       |       |       |     3 |     7 ||    10
 Cast: Summon Ice Beast  |       |       |       |       |     8 ||     8
       Animate Dead      |       |       |       |       |     2 ||     2
Invok: Heroism           |       |     1 |     4 |    15 |     9 ||    29
       Finesse           |       |       |       |       |     2 ||     2
Evoke: Wand              |       |       |     1 |     3 |     6 ||    10
  Use: Scroll            |     5 |     3 |     6 |     8 |     5 ||    27
       Potion            |       |     7 |       |     4 |     1 ||    12
 Stab: Sleeping          |       |       |       |       |     8 ||     8
       Distracted        |       |       |       |       |     1 ||     1
  Eat: Chunk             |     1 |     8 |    11 |    27 |    32 ||    79
       Ration            |       |       |       |     2 |     4 ||     6
Armor: Plate armour      |    66 |   106 |   214 |   399 |   865 ||  1650
       Skin              |       |    87 |       |       |       ||    87
       Fire dragon scale |       |       |       |       |    40 ||    40
Dodge: Dodged            |    33 |    84 |   132 |   367 |   873 ||  1489
       Deflected         |       |       |       |       |    18 ||    18
Block: Buckler           |       |    76 |   168 |   536 |    46 ||   826
       Reflection        |       |       |     1 |     4 |     6 ||    11
       Other             |       |       |       |       |   164 ||   164
       Rpst.: Falchion   |     6 |    14 |       |       |       ||    20
       Scimitar          |       |       |     7 |    12 |       ||    19

Table legend:
 A = Non-vault XP
 B = Vault XP
 C = Vault XP percentage of total XP
 D = Non-vault monster count
 E = Vault monster count
 F = Vault count percentage of total count
                 A         B        C        D         E       F
            +---------+---------+-------+---------+---------+-------
      Total |   67021 |   42194 |  38.6 |     480 |     151 |  23.9
            +---------+---------+-------+---------+---------+-------
        D:1 |      22 |       0 |   0.0 |      12 |       0 |   0.0
        D:2 |      73 |      38 |  34.2 |      15 |       7 |  31.8
        D:3 |      81 |       6 |   6.9 |      15 |       3 |  16.7
        D:4 |     761 |      41 |   5.1 |      38 |       1 |   2.6
        D:5 |     648 |     492 |  43.2 |      27 |       9 |  25.0
        D:6 |    1361 |       0 |   0.0 |      10 |       0 |   0.0
        D:7 |     904 |     118 |  11.5 |      19 |       1 |   5.0
        D:8 |    1521 |     979 |  39.2 |      45 |       4 |   8.2
        D:9 |    2820 |     658 |  18.9 |      32 |       5 |  13.5
       D:10 |    2264 |       0 |   0.0 |      27 |       0 |   0.0
       D:11 |    2405 |    2288 |  48.8 |      39 |       5 |  11.4
       D:12 |    2302 |    6390 |  73.5 |      16 |      19 |  54.3
       D:13 |    5139 |    5320 |  50.9 |      32 |      10 |  23.8
       D:14 |    6429 |       0 |   0.0 |      18 |       0 |   0.0
     Lair:1 |    1971 |      90 |   4.4 |       9 |       1 |  10.0
     Lair:2 |    5300 |     888 |  14.4 |      17 |       5 |  22.7
     Lair:3 |    5309 |       0 |   0.0 |      27 |       0 |   0.0
     Lair:4 |    5938 |     866 |  12.7 |      22 |       3 |  12.0
     Lair:5 |    8395 |       0 |   0.0 |      20 |       0 |   0.0
     Lair:6 |   13189 |   10211 |  43.6 |      39 |      28 |  41.8
    Abyss:2 |     189 |       0 |   0.0 |       1 |       0 |   0.0
      IceCv |       0 |   13809 | 100.0 |       0 |      50 | 100.0
            +---------+---------+-------+---------+---------+-------
